 Dungeon Crawl Stone Soup version 0.25.0-11-g1f837a76a1 (webtiles) character file.

Game seed: 7962884635212170386

1066 sentinel the Chopper (level 8, 47/73 HPs)
             Began as a Deep Dwarf Fighter on June 24, 2020.
             Quit the game on level 6 of the Dungeon.
             The game lasted 00:03:08 (3031 turns).

sentinel the Chopper (Deep Dwarf Fighter)           Turns: 3031, Time: 00:03:08

Health: 47/73      AC: 12    Str: 23    XL:     8   Next: 7%
Magic:  3/3        EV:  6    Int:  8    God:
Gold:   217        SH: 10    Dex: 12    Spells: 7/7 levels left

rFire    . . .     SeeInvis .   a - +0 war axe
rCold    . . .     Gourm    .   c - +0 kite shield
rNeg     . . .     Faith    .   u - +0 chain mail
rPois    .         Spirit   .   (no helmet)
rElec    .         Reflect  .   i - +1 cloak
rCorr    .         Harm     .   (no gloves)
MR       +....                  (no boots)
Stlth    ..........             (no amulet)
HPRegen  0.00/turn              (no ring)
MPRegen  0.08/turn              (no ring)

@: non-regenerating
A: damage resistance, heal wounds, sense surroundings 1, no regeneration
a: Heal Wounds


You were on level 6 of the Dungeon.
You were not hungry.

You visited 2 branches of the dungeon, and saw 7 of its levels.

You collected 217 gold pieces.

Inventory:

Hand Weapons
 a - a +0 war axe (weapon)
 g - a +2 vorpal hand axe
Armour
 c - a +0 kite shield (worn)
 i - a +1 cloak (worn)
 u - a +0 chain mail (worn)
Wands
 D - a wand of digging (6)
 I - a wand of iceblast (13)
 P - a wand of paralysis (8)
Scrolls
 f - a scroll of noise
 r - a scroll of identify
 x - 3 scrolls of remove curse
Potions
 b - a potion of degeneration {unknown}
 d - 2 potions of might
 l - a potion of cancellation
 o - 2 potions of resistance {unknown}
 q - 3 potions of curing
 w - 6 potions of heal wounds
 M - a potion of mutation
Comestibles
 e - 10 rations
 h - 4 chunks of flesh


   Skills:
 + Level 4.6 Fighting
 * Level 6.9 Axes
 + Level 5.6 Armour
 + Level 5.5 Shields


You had 7 spell levels left.
You didn't know any spells.
Your spell library contained the following spells:

 Spells                   Type           Power        Failure   Level  Hunger
 Animate Skeleton         Necr           N/A          100%        1    ##.....
 Apportation              Tloc           #.....       100%        1    ##.....
 Corona                   Hex            #......      100%        1    ##.....
 Summon Small Mammal      Summ           #...         100%        1    ##.....


Dungeon Overview and Level Annotations

Branches:
Dungeon (6/15)             Temple (1/1) D:6

Altars:
Ashenzari
Dithmenos
Fedhas
Kikubaaqudgha
Nemelex Xobeh
Ru
Sif Muna
Trog
Uskayaw
Wu Jian
Xom
Zin
The Shining One

Shops:
D:5 (


Innate Abilities, Weirdness & Mutations

You are resistant to damage.
You can heal yourself by infusing magical energy.
You passively map a small area around you.
You do not regenerate.


Message History

Search for what [Enter for "cha", or ? for help]? mak Can't find anything matching that.
There is a staircase back to the Dungeon here.
You climb upwards.
Welcome back to the Dungeon!
There is a staircase to the Ecumenical Temple here.
There is an open door here.
You now have 207 gold pieces (gained 13).
A howler monkey comes into view.
But you're not safe! But you're not safe! But you're not safe!
But you're not safe! But you're not safe! But you're not safe!
But you're not safe! But you're not safe! But you're not safe!
But you're not safe! But you're not safe! But you're not safe!
But you're not safe! But you're not safe!
You completely miss the howler monkey. You block the howler monkey's attack.
You hit the howler monkey but do no damage.
The howler monkey hoots and howls with incredible vigour!
You block the howler monkey's attack.
You hear a shout! x2; You hear a loud, deep croak!
You slice the howler monkey!!
You kill the howler monkey!
You have reached level 8!
You feel stronger.
You butcher the howler monkey corpse.
h - 3 chunks of flesh You see here a howler monkey skeleton. x2
Found a stone staircase leading down.
You open the door. As you open the door, it creaks loudly!
A giant cockroach comes into view.
There is an open door here.
But you're not safe! You block the giant cockroach's attack.
You barely miss the giant cockroach. You block the giant cockroach's attack.
An adder skeleton comes into view.
The giant cockroach bites you but does no damage.
You hit the giant cockroach.
You kill the giant cockroach!
Found 22 arrows.
The adder skeleton bites you but does no damage.
You closely miss the adder skeleton.
The adder skeleton bites you but does no damage.
You block the adder skeleton's attack.
You barely miss the adder skeleton. You block the adder skeleton's attack.
You closely miss the adder skeleton.
The adder skeleton bites you but does no damage.
But you're not safe! But you're not safe! But you're not safe!
But you're not safe!
You slash the adder skeleton!
The adder skeleton bites you but does no damage.
You block the adder skeleton's attack.
You hit the adder skeleton.
You destroy the adder skeleton!
No target in view!
No target in view!
No target in view!
No target in view!
No target in view!
No target in view!
You butcher the giant cockroach corpse.
h - 5 chunks of flesh (gained 2)
You now have 217 gold pieces (gained 10).
As you open the door, it creaks loudly!
There is an open door here.
You open the door.
There is an open door here.
Eating one of 5 chunks of flesh.
You eat one of the 5 chunks of flesh.
There is an open door here.
There is an open door here.
A shadow imp comes into view.
The shadow imp shouts, "Fly, thou pandering spur-galled slime mould!"
But you're not safe! But you're not safe! But you're not safe!
You closely miss the shadow imp. The shadow imp barely misses you.
You slash the shadow imp! The shadow imp hits you.
You block the shadow imp's attack.
You slash the shadow imp!
You kill the shadow imp!
No target in view!
No target in view!
No target in view!
No target in view!
No target in view!
You open the door.
There is an open door here.
Found a stone staircase leading down.
Found 18 bolts.
You see here 18 bolts.
A crimson imp comes into view.
The crimson imp shouts!
The crimson imp hits you but does no damage.
You miss the crimson imp. The crimson imp closely misses you.
You closely miss the crimson imp.
The crimson imp hits you but does no damage.
You hit the crimson imp. The crimson imp hits you.
You hit the crimson imp but do no damage.
You block the crimson imp's attack.
You closely miss the crimson imp. The crimson imp closely misses you.
The crimson imp blinks!
The crimson imp blinks!
You miss the crimson imp. You block the crimson imp's attack.
You slash the crimson imp! The crimson imp hits you.
You hit the crimson imp.
The crimson imp shouts, "Flee, thou grime-gilt full-gorged maggot-pie!"
The crimson imp blinks!
The crimson imp disappears for a moment.
But you're not safe!
You barely miss the crimson imp.
The crimson imp hits you but does no damage.
You closely miss the crimson imp.
The crimson imp hits you but does no damage. x2
You hit the crimson imp.
You kill the crimson imp!
No target in view!
No target in view!
No target in view!
No target in view!
No target in view!
No target in view!
No target in view!
No target in view!
No target in view!
No target in view!
No target in view!
No target in view!
As you read the scroll labeled DOIJEC PUOCVUI, it crumbles to dust.
You assume a fearsome visage.
Nothing appears to happen.
It was a scroll of fear.
As you read the scroll labeled JYZ VOUMADUTO, it crumbles to dust.
The scroll dissolves into smoke.
It was a scroll of fog.
As you read the scroll labeled NAUVIXK CITA, it crumbles to dust.
It is a scroll of amnesia.
You feel forgetful for a moment.
As you read the scroll of identify, it crumbles to dust.
f - a scroll of noise
Okay, then.
Okay, then.
You aren't carrying any pieces of jewellery.
Unknown command.

#....... #...... ####
##.#..... #.. ..#....#
#.#* #.#....#
######.#####.#....#
#.§§§§§...........###
#.§§§§§..............
#.§§@§§........######
#.§§§§§.....>........ *
##.§§§§§#######.######
.........# #####.######
#.#.....(###...........
...........##...........
,
##########..............
, ,#......######## ,
#......#, .....


There were no monsters in sight!

Vanquished Creatures
  A sky beast (D:5)
  2 ogres
  2 centaurs (D:5)
  2 howler monkeys
  A crimson imp (D:6)
  A hound (D:5)
  A bullfrog skeleton (D:5)
  4 orc priests
  2 orc wizards (D:5)
  An iguana (D:5)
  Ijyb (D:5)
  A worker ant (D:4)
  2 hound zombies
  A hound skeleton (D:4)
  A worker ant zombie (D:6)
  4 adders
  2 shadow imps
  An adder skeleton (D:6)
  4 worms
  4 leopard geckos
  24 orcs
  5 giant cockroaches
  6 goblins
  3 hobgoblins (D:1)
  14 jackals
  3 kobolds
  3 bats (D:2)
  A frilled lizard (D:2)
  A jackal skeleton (D:4)
98 creatures vanquished.

Notes
Turn   | Place    | Note
-------+----------+-------------------------------------------
     0 | D:1      | sentinel the Deep Dwarf Fighter began the quest for the
                  | Orb.
     0 | D:1      | Reached XP level 1. HP: 20/20 MP: 1/1
    93 | D:1      | Reached XP level 2. HP: 27/27 MP: 2/2
   263 | D:1      | You fall into a shaft and drop 1 floor!
   432 | D:2      | Reached skill level 3 in Axes
   500 | D:2      | Reached XP level 3. HP: 20/33 MP: 3/3
   957 | D:4      | Noticed an ogre
   967 | D:4      | Reached XP level 4. HP: 40/42 MP: 3/3
   968 | D:4      | Killed an ogre
   968 | D:4      | Reached skill level 4 in Axes
   968 | D:4      | Reached XP level 5. HP: 32/49 MP: 4/4
  1051 | D:4      | Found a bloodstained altar of Trog.
  1096 | D:4      | HP: 2/49 [orc priest/divine providence (9)]
  1107 | D:4      | Reached XP level 6. HP: 43/56 MP: 4/4
  1419 | D:4      | Found a shattered altar of Ashenzari.
  1570 | D:4      | Found a shadowy altar of Dithmenos.
  1739 | D:5      | Entered Level 5 of the Dungeon
  1756 | D:5      | Found Hizxed's Weapon Shop.
  1891 | D:5      | Reached skill level 5 in Axes
  1928 | D:5      | Found a blossoming altar of Fedhas.
  1948 | D:5      | Noticed a sky beast
  1973 | D:5      | Killed a sky beast
  2003 | D:5      | Reached XP level 7. HP: 64/64 MP: 3/3
  2020 | D:5      | Reached skill level 5 in Armour
  2020 | D:5      | Reached skill level 5 in Shields
  2021 | D:5      | Reached skill level 6 in Axes
  2125 | D:5      | Noticed Ijyb
  2142 | D:5      | Killed Ijyb
  2596 | D:6      | Found a staircase to the Ecumenical Temple.
  2637 | Temple   | Entered the Ecumenical Temple
  2860 | D:6      | Reached XP level 8. HP: 48/73 MP: 3/3
  3031 | D:6      | Quit the game

Illustrated notes

Levels and vault maps discovered:
D:1:      psy_arrival_dodecagon, layout_basic
D:2:      layout_basic, first_ration
D:3:      layout_loops_ring, amethyst_overflow_temple_binary
D:4:      layout_loops_ring, marbit_many_paths, kennysheep_little_box,
          kennysheep_pointless_box, trog_three_pillars_becter
D:5:      layout_loops_ring, fedhas_altar_1, serial_shops, shop,
          minmay_strange_pillars, uniq_ijyb
D:6:      minmay_clustersquares, layout_basic,
          minmay_temple_entry_enclosed_plants, guppyfry_early_elven_hall,
          uniq_prince_ribbit1
Temple:   dpeg_chambers_temple

Skill      XL: |  1  2  3  4  5  6  7 |
---------------+----------------------+-----
Axes           | 3 4 5 6 |  6.9
Fighting       | 3 4 |  4.6
Armour         | 4 5 |  5.6
Shields        | 4 5 |  5.5

Action                   |  1- 3 |  4- 6 |  7- 9 || total
-------------------------+-------+-------+-------++-------
Melee: War axe           |   122 |   170 |   114 ||   406
 Abil: Heal Wounds       |     2 |     8 |     3 ||    13
Evoke: Wand              |       |       |     1 ||     1
  Use: Scroll            |       |     7 |     4 ||    11
 Stab: Paralysed         |       |       |     5 ||     5
  Eat: Chunk             |       |     4 |     4 ||     8
Armor: Scale mail        |    68 |    27 |       ||    95
       Chain mail        |       |    47 |    61 ||   108
Dodge: Dodged            |    39 |    45 |    18 ||   102
Block: Kite shield       |    78 |   105 |    61 ||   244
